 Dungeon Crawl Stone Soup version 0.30-a0-986-g7f2e898f52 (webtiles) character file.

Game seed: 11289134733876134743

76 CryoSword the Shooter (level 4, 0/25 HPs)
             Began as a Deep Elf Hexslinger on Apr 1, 2023.
             Slain by Natasha (9 damage)
             ... on level 2 of the Dungeon.
             The game lasted 00:03:47 (1234 turns).

CryoSword the Shooter (Deep Elf Hexslinger)         Turns: 1234, Time: 00:03:47

Health: 0/25       AC:  2    Str:  7    XL:     4   Next: 12%
Magic:  4/8        EV: 13    Int: 18    God:
Gold:   96         SH:  0    Dex: 17    Spells: 5/6 levels left

rFire   . . .      SeeInvis .    a - +1 sling
rCold   . . .      Faith    .    (no shield)
rNeg    . . .      Spirit   .    c - +0 robe
rPois   .          Reflect  .    (no helmet)
rElec   .          Rampage  .    (no cloak)
rCorr   .                        (no gloves)
Will    .....                    (no boots)
Stlth   ++                       (no amulet)
HPRegen 0.24/turn                (no ring)
MPRegen 0.11/turn                (no ring)

@: hasted and slowed
A: no striking features
a: no special abilities


You were on level 2 of the Dungeon.
You visited 1 branch of the dungeon, and saw 2 of its levels.

You collected 96 gold pieces.

Inventory:

Hand Weapons
 a - a +1 sling (weapon)
 d - a +0 short sword
   (You took it off a kobold on level 2 of the Dungeon)
Armour
 c - a +0 robe (worn)
 g - a +0 helmet
   (You found it on level 2 of the Dungeon)
Scrolls
 b - a scroll of poison {!r}
 h - 2 scrolls of vulnerability {!r}
 j - a scroll of fear {unknown}
 k - 2 scrolls of fog
 l - a scroll of enchant weapon
Potions
 f - a potion of magic {unknown}


   Skills:
 + Level 1.4 Fighting
 * Level 4.5 Ranged Weapons
 - Level 3.1 Dodging
 + Level 1.9 Stealth
 - Level 1.5 Spellcasting
 + Level 4.0 Hexes


You had 5 spell levels left.
You knew the following spells:

 Your Spells              Type           Power      Damage    Failure   Level
a - Slow                  Hex            60%        N/A       3%          1

Your spell library contained the following spells:

 Spells                   Type           Power      Damage    Failure   Level
 Inner Flame              Hex/Fire       8%         N/A       26%         3
 Portal Projectile        Hex/Tloc       16%        N/A       26%         3
 Cause Fear               Hex            7%         N/A       36%         4
 Conjure Ball Lightning   Conj/Air       0%         3x3d6     100%        6
 Discord                  Hex            7%         N/A       100%        8
 Disjunction              Tloc           0%         N/A       100%        8


Dungeon Overview and Level Annotations

Branches:
Dungeon (2/15)

Altars:

Annotations:
D:2 Natasha


Message History

The adder hisses angrily.
An adder is nearby!
You shoot a sling bullet. The sling bullet hits the adder!
You shoot a sling bullet. The sling bullet hits the adder.
You shoot a sling bullet. The sling bullet hits the adder.
You kill the adder!
Your Dodging skill increases to level 3!
No target in view!
You see here an adder corpse.
Found an escape hatch in the floor.
A dart slug comes into view.
A dart slug is nearby!
You shoot a sling bullet. The sling bullet hits the dart slug!
The dart slug launches a dart at you. The slug dart hits you.
You shoot a sling bullet. The sling bullet hits the dart slug.
You kill the dart slug!
No target in view!
e - a potion of haste {@q3} A giant cockroach comes into view.
A giant cockroach is nearby!
You shoot a sling bullet.
The sling bullet hits the giant cockroach.
You shoot a sling bullet.
The sling bullet hits the giant cockroach.
You kill the giant cockroach!
No target in view!
You see here a giant cockroach corpse.
f - a black potion
g - a +0 helmet
Found an escape hatch in the ceiling.
You now have 85 gold pieces (gained 13).
There is an escape hatch in the ceiling here.
A rat comes into view.
A rat is nearby!
A rat is nearby!
You shoot a sling bullet. The sling bullet hits the rat!
You kill the rat!
You now have 91 gold pieces (gained 6).
There is a stone staircase leading down here.
Found a stone staircase leading up.
There is a stone staircase leading up here.
An adder comes into view.
You shoot a sling bullet. The sling bullet hits the adder.
The adder hisses angrily.
You shoot a sling bullet.
The sling bullet closely misses the adder.
You shoot a sling bullet.
The sling bullet barely misses the adder.
You shoot a sling bullet.
The sling bullet closely misses the adder.
The adder misses you.
You shoot a sling bullet. The sling bullet misses the adder.
The adder closely misses you.
You shoot a sling bullet. The sling bullet hits the adder.
The adder closely misses you. The adder barely misses you.
You shoot a sling bullet. The sling bullet hits the adder.
The adder closely misses you.
You shoot a sling bullet. The sling bullet misses the adder.
The adder barely misses you. x2
You shoot a sling bullet.
The sling bullet barely misses the adder.
The adder bites you.
You shoot a sling bullet. The sling bullet hits the adder!
You kill the adder!
You have reached level 4!
You feel clever.
You now have 96 gold pieces (gained 5).
A rat comes into view.
A rat is nearby!
A rat is nearby!
You shoot a sling bullet. The sling bullet hits the rat.
You kill the rat!
No target in view!
A goblin comes into view. It is wielding a +0 club.
A goblin is nearby!
You shoot a sling bullet. The sling bullet hits the goblin.
You kill the goblin!
No target in view!
Okay, then.
A bat comes into view.
You see here a +0 club.
A bat is nearby!
A bat is nearby!
You shoot a sling bullet. The sling bullet hits the bat!
You kill the bat!
No target in view!
No target in view!
You see here a bat corpse.
Natasha, Servant of Life and Death comes into view.
Found a robe.
Fire: a) +1 sling
Aim: Natasha (asleep, 98% to hit)
You shoot a sling bullet.
The sling bullet hits Natasha but does no damage.
Natasha hisses angrily.
Natasha stares at you and mumbles some strange words.
You feel yourself slow down.
Aim: Natasha (chance to affect: 49%) Natasha resists with some effort.
Aim: Natasha (chance to affect: 49%) Natasha seems to slow down.
Fire: a) +1 sling
Aim: Natasha (slow, 53% to hit)
You shoot a sling bullet.
The sling bullet hits Natasha but does no damage.
Natasha barely misses you.
Fire: a) +1 sling
Aim: Natasha (slow, 53% to hit)
You shoot a sling bullet. The sling bullet hits Natasha.
Natasha stares at you and mumbles some strange words.
The magic dart hits you!
Fire: a) +1 sling
Aim: Natasha (lightly wounded, slow, 53% to hit)
You shoot a sling bullet.
The sling bullet closely misses Natasha.
Natasha claws you!
* * * LOW HITPOINT WARNING * * *
Natasha barely misses you.
You feel yourself speed up. Natasha closely misses you.
You see here a bat corpse.
Natasha is no longer moving slowly.
You see here a +0 club.
Natasha mumbles some strange words.
Natasha glows brightly for a moment.
Natasha attacks as you move away! Natasha misses you.
Aim: Natasha (chance to affect: 49%) Natasha resists with some effort.
Natasha stares at you and mumbles some strange words.
You feel as though you will be slow longer.
Aim: Natasha (chance to affect: 49%) Natasha resists with some effort.
Natasha barely misses you.
Aim: Natasha (chance to affect: 49%) Natasha resists with some effort.
Natasha claws you.
* * * LOW HITPOINT WARNING * * *
Natasha attacks as you move away! Natasha barely misses you.
Natasha attacks as you move away! Natasha completely misses you.
Aim: Natasha (chance to affect: 49%) Natasha resists with some effort.
Natasha claws you.
* * * LOW HITPOINT WARNING * * *
Natasha casts a spell.
The crimson imp blinks!
Aim: Natasha (chance to affect: 49%) Natasha resists with some effort.
Natasha mumbles some strange words.
You feel troubled. Natasha casts a spell at you. You resist with some effort.
Natasha attacks as you move away! Natasha claws you!
You die...

##.#####.# #.# #
#........# #.# #
###..####### #.# #
#....# ############.#
#.#.## #............#
#.#.# #.############ #
#.#.# #.# . #.#.#
##.######## [ #.#.#
#...@h5...##########.
#.#.#
#..######.....)...†..
#.#.# #..#
############# #.#.#
#..######## ##.#.#
#....##....
#..).#######.##.##.#.#
#............##.##.#.#
#..........####.##.#.#
##########.# #.)..#.#


You could see Natasha and a crimson imp (summoned).

Vanquished Creatures
  3 adders (D:2)
  2 dart slugs
  2 ball pythons (D:2)
  4 bats
  2 endoplasms (D:1)
  2 giant cockroaches
  5 goblins
  5 hobgoblins (D:1)
  3 kobolds
  4 quokkas
  6 frilled lizards
  3 rats
41 creatures vanquished.

Notes
Turn   | Place    | Note
-------+----------+-------------------------------------------
     0 | D:1      | CryoSword the Deep Elf Hexslinger began the quest for the
                  | Orb.
     0 | D:1      | Reached XP level 1. HP: 11/11 MP: 5/5
   142 | D:1      | Reached XP level 2. HP: 11/16 MP: 6/6
   299 | D:1      | Reached skill level 1 in Fighting
   377 | D:1      | Reached skill level 1 in Stealth
   533 | D:1      | Found a faded altar of an unknown god.
   562 | D:1      | Reached XP level 3. HP: 20/20 MP: 7/7
   676 | D:2      | Identified the +3 dagger "Earthworm" {drain, rPois Str+2}
  1156 | D:2      | Reached XP level 4. HP: 22/25 MP: 8/8
  1206 | D:2      | Noticed Natasha
  1234 | D:2      | Slain by Natasha

Illustrated notes

Levels and vault maps discovered:
D:1:      minmay_arrival_shattered_statue, layout_basic,
          ebering_ecumenical_altar_petrified, st_stairs_5
D:2:      layout_loops_ring, small_statue_intersection, uniq_natasha

Skill      XL: |  1  2  3 |
---------------+----------+-----
Ranged Weapons | 3 4 |  4.5
Fighting       | 1 |  1.4
Stealth        | 1 |  1.9
Dodging        | 3 |  3.1
Spellcasting   | |  1.5
Hexes          | |  4.0

Action                     |  1- 3 |  4- 6 || total
---------------------------+-------+-------++-------
  Melee: Dagger            |     1 |       ||     1
         Punch             |     1 |       ||     1
   Fire: Sling             |   115 |     7 ||   122
   Cast: Slow              |    10 |     7 ||    17
    Use: Potion            |     3 |     1 ||     4
         Scroll            |     3 |       ||     3
 Armour: Robe              |     5 |       ||     5
  Dodge: Dodged            |    34 |     7 ||    41

Table legend: (Time is in decaauts)
 A = Elapsed time spent in this place.
 B = Non-inter-level travel time spent in this place.
 C = Inter-level travel time spent in this place.
 D = Time resting spent in this place.
 E = Time spent auto-exploring this place.
 F = Levels seen in this place.
 G = Mean time per level.
                   A        B        C        D        E       F      G
               +--------+--------+--------+--------+--------+-----+--------+
         Total |   1241 |   1196 |     45 |      0 |    839 |   2 |  620.5 |
       Dungeon |   1241 |   1196 |     45 |      0 |    839 |   2 |  620.5 |
               +--------+--------+--------+--------+--------+-----+--------+

Top non-repeatable levels by time:
     D:1: 675 daAuts
     D:2: 565 daAuts
